 Dungeon Crawl Stone Soup version 0.30-a0-377-g5cb311bc9f (webtiles) character file.

Game seed: 18105616887982208164

1050 Lobster4 the Magician (level 8, -2/44 HPs)
             Began as a Deep Elf Hedge Wizard on Nov 29, 2022.
             Killed by divine providence
             ... invoked by an orc priest
              (13 damage)
             ... on level 5 of the Dungeon.
             The game lasted 00:27:40 (6613 turns).

Lobster4 the Magician (Deep Elf Hedge Wizard)       Turns: 6613, Time: 00:27:41

Health: -2/44      AC:  8    Str:  7    XL:     8   Next: 5%
Magic:  15/19      EV: 13    Int: 22    God:
Gold:   233        SH:  0    Dex: 14    Spells: 11/19 levels left

rFire   . . .      SeeInvis .    a - +1 short sword (freeze)
rCold   . . .      Faith    .    (no shield)
rNeg    . . .      Spirit   .    e - +0 robe
rPois   .          Reflect  .    c - +0 hat
rElec   .          Harm     .    (no cloak)
rCorr   .          Rampage  .    f - +0 pair of gloves
Will    .....                    j - +0 pair of boots
Stlth   ++........               (no amulet)
HPRegen 0.27/turn                v - +4 ring of protection
MPRegen 0.16/turn                (no ring)

@: no status effects
A: evolution 1
a: no special abilities


You were on level 5 of the Dungeon.
You visited 1 branch of the dungeon, and saw 5 of its levels.

You collected 233 gold pieces.

Inventory:

Hand Weapons
 a - a +1 short sword of freezing (weapon)
 b - a +0 sling
 r - a +3 dagger
Missiles
 o - 6 poisoned darts
 t - 4 boomerangs
Armour
 c - a +0 hat (worn)
 e - a +0 robe (worn)
 f - a +0 pair of gloves (worn)
 j - a +0 pair of boots (worn)
 k - an orb of energy
 B - a +0 leather armour
Magical Staves
 p - a staff of conjuration
Jewellery
 v - a +4 ring of protection (left hand)
Scrolls
 g - a scroll of magic mapping
 l - a scroll of teleportation
 n - a scroll of enchant weapon {unknown}
 y - a scroll of blinking {unknown}
Potions
 d - 2 potions of magic
 h - 3 potions of cancellation
 m - 2 potions of brilliance
 s - a potion of berserk rage
 u - a potion of haste
 z - 2 potions of mutation


   Skills:
 + Level 2.2 Fighting
 - Level 2.0 Short Blades
 - Level 3.0 Ranged Weapons
 + Level 0.0 Throwing
 + Level 2.2 Armour
 - Level 3.0 Dodging
 - Level 3.0 Stealth
 + Level 6.1 Spellcasting
 + Level 3.7 Conjurations
 - Level 3.0 Summonings
 - Level 2.0 Translocations
 + Level 2.2 Air Magic
 + Level 2.5 Poison Magic
 + Level 2.6 Evocations


You had 11 spell levels left.
You knew the following spells:

 Your Spells              Type           Power      Damage    Failure   Level
a - Magic Dart            Conj           92%        1d7       1%          1
b - Call Imp              Summ           19%        N/A       4%          2
c - Blink                 Tloc           30%        N/A       6%          2
d - Mephitic Cloud        Conj/Pois/Air  19%        N/A       9%          3

Your spell library contained the following spells:

 Spells                   Type           Power      Damage    Failure   Level
 Static Discharge         Conj/Air       38%        2-4/arc   4%          2
 Cigotuvi's Dreadful Rot  Necr/Pois/Air  26%        N/A       7%          2
 Necrotise                Necr           24%        1d5       9%          1
 Slow                     Hex            24%        N/A       9%          1
 Swiftness                Air            16%        N/A       11%         3
 Gell's Gravitas          Tloc           15%        N/A       12%         3
 Lesser Beckoning         Tloc           30%        N/A       12%         3
 Teleport Other           Tloc           15%        N/A       12%         3
 Vhi's Electric Charge    Tloc/Air       32%        N/A       12%         3
 Ensorcelled Hibernation  Hex/Ice        12%        N/A       14%         2
 Passwall                 Tmut/Erth      5%         N/A       14%         2
 Vampiric Draining        Necr           6%         2d6       26%         3
 Manifold Assault         Tloc           15%        N/A       36%         4
 Arcjolt                  Conj/Air       9%         1d19      58%         5
 Lightning Bolt           Conj/Air       9%         1d22      58%         5
 Agony                    Necr           6%         N/A       94%         5
 Storm Form               Tmut/Air       5%         N/A       100%        7


Dungeon Overview and Level Annotations

Branches:
Dungeon (5/15)
 Temple: D:4-7

Altars:
Hepliaklqana
Zin

Annotations:
D:1 exclusion: downstairs
D:4 exclusion: kobold brigand
D:5 Menkaure


Innate Abilities, Weirdness & Mutations

You have hidden genetic potential.


Message History

There is a stone staircase leading up here.
You climb upwards.
Level annotation: exclusion: kobold brigand
There is a stone staircase leading down here.
There is an open door here.
There is a stone staircase leading down here.
You climb downwards.
You hear the hiss of flowing sand.
There is an entrance to an ossuary on this level.
Hurry and find it before the portal is buried!
Level annotation: Menkaure You hear the hiss of a very distant avalanche of sand.
Menkaure hits you!
There is a stone staircase leading up here.
As you read the scroll of teleportation, it crumbles to dust.
You feel strangely unstable. Menkaure casts a spell at you.
Pain shoots through your body!
Casting: Magic Dart (safe; 1% risk of failure)
Confirm with . or Enter, or press ? or * to list all spells.
A beastly little devil appears in a puff of frigid air.
Menkaure hits you!
* * * LOW HITPOINT WARNING * * *
Unknown command.
Okay, then.
Unknown command.
Your surroundings suddenly seem different.
Found a helmet.
Found a stone staircase leading down.
Casting: Call Imp (safe; 4% risk of failure)
Confirm with . or Enter, or press ? or * to list all spells.
A beastly little devil appears in a puff of flame.
The orc priest hits you but does no damage.
Unknown command.
You hit the orc priest. You freeze the orc priest.
The orc priest is heavily wounded.
The orc priest hits you but does no damage.
You hit the orc priest. You freeze the orc priest.
The orc priest is almost dead.
The orc priest mumbles some strange prayers to Beogh against you.
Beogh smites you!
You die...

...####..# ......>..#
#........[ .......[.#
.........
.........#######........
..............##........
.............# #........
............# #........
.......@o...# #.......
.......5...## #.......
............# ##.......
............# #........
#...........####......).
............[##.........
...........))##5....)...
...........[.$).......)#
...)...###n<))....#


You could see an orc priest (ally target) and a friendly crimson imp (summoned).

Vanquished Creatures
  A phantom (D:4)
  2 scorpions (D:4)
  A howler monkey (D:5)
  A gnoll bouda (D:4)
  A jelly (D:5)
  2 orc priests (D:5)
  An iguana (D:4)
  2 orc wizards
  3 adders
  12 gnolls
  A shadow imp (D:5)
  2 worms (D:2)
  4 dart slugs
  8 orcs
  8 ball pythons
  3 endoplasms
  3 giant cockroaches
  7 goblins
  7 hobgoblins
  A jackal (D:4)
  3 quokkas
  4 bats (D:2)
  6 frilled lizards
  9 kobolds
  10 rats
102 creatures vanquished.

Vanquished Creatures (collateral kills)
  A phantom (D:5)
  A scorpion (D:5)
  A jelly (D:5)
  2 orc priests (D:5)
  A gnoll bouda (D:4)
  An orc wizard (D:3)
  4 adders
  4 gnolls
  7 orcs
  An endoplasm (D:1)
  A jackal (D:4)
  A quokka (D:1)
  A ball python (D:3)
26 creatures vanquished.

Vanquished Creatures (others)
  2 plants (D:1)
2 creatures vanquished.

Grand Total: 130 creatures vanquished

Notes
Turn   | Place    | Note
-------+----------+-------------------------------------------
     0 | D:1      | Lobster4 the Deep Elf Hedge Wizard began the quest for the
                  | Orb.
     0 | D:1      | Reached XP level 1. HP: 10/10 MP: 7/7
   249 | D:1      | Reached XP level 2. HP: 12/15 MP: 1/9
   260 | D:1      | Learned a level 2 spell: Call Imp
   882 | D:1      | Reached XP level 3. HP: 20/20 MP: 3/11
  2369 | D:2      | Reached XP level 4. HP: 20/24 MP: 5/12
  2372 | D:2      | Learned a level 2 spell: Blink
  2570 | D:3      | Reached skill level 1 in Ranged Weapons
  2807 | D:3      | Learned a level 3 spell: Mephitic Cloud
  3173 | D:3      | Reached skill level 1 in Fighting
  3291 | D:2      | Reached skill level 1 in Armour
  3519 | D:3      | Reached XP level 5. HP: 27/29 MP: 8/14
  3950 | D:3      | Reached skill level 5 in Spellcasting
  4526 | D:4      | Noticed a phantom
  4543 | D:4      | Killed a phantom
  4544 | D:4      | Reached skill level 1 in Poison Magic
  4544 | D:4      | Reached skill level 1 in Evocations
  4544 | D:4      | Reached XP level 6. HP: 29/34 MP: 5/15
  4803 | D:4      | Reached skill level 1 in Air Magic
  4952 | D:4      | Reached skill level 1 in Short Blades
  5403 | D:4      | Reached XP level 7. HP: 28/38 MP: 7/17
  5764 | D:4      | Found a glowing silver altar of Zin.
  6206 | D:4      | Found a hazy altar of Hepliaklqana.
  6264 | D:5      | Entered Level 5 of the Dungeon
  6335 | D:5      | Gained mutation: You do not regenerate when monsters are
                  | visible. [potion of mutation]
  6335 | D:5      | Lost mutation: You do not regenerate when monsters are
                  | visible. [potion of mutation]
  6335 | D:5      | Gained mutation: You have hidden genetic potential. [potion
                  | of mutation]
  6454 | D:5      | Reached skill level 6 in Spellcasting
  6466 | D:5      | Reached XP level 8. HP: 44/44 MP: 6/19
  6568 | D:5      | Noticed Menkaure
  6613 | D:5      | Killed from afar by an orc priest

Illustrated notes

Levels and vault maps discovered:
D:1:      grunt_arrival_lava_bath, layout_rooms, serial_forest,
          infiniplex_forest_fountain, infiniplex_forest_lined_room_2,
          infiniplex_forest_lined_room_3, infiniplex_forest_side_room,
          infiniplex_forest_straight_2, infiniplex_forest_straight_1,
          infiniplex_forest_clump_C, infiniplex_forest_zigzag_1,
          minmay_tree_intersection
D:2:      layout_loops_ring
D:3:      layout_basic, minivault_23, minmay_randomly_rotated_circles
D:4:      layout_gridville, beargit_hepliaklqana_dungeon_heroes,
          mainiacjoe_overflow_chevrons
D:5:      layout_cave_pods, enter_ossuary_4, uniq_edmund, uniq_menkaure,
          uniq_grinder

Skill      XL: |  1  2  3  4  5  6  7 |
---------------+----------------------+-----
Ranged Weapons | 1 2 3 |  3.0
Stealth        | 3 |  3.0
Summonings     | 2 3 |  3.0
Conjurations   | 2 3 |  3.7
Fighting       | 1 2 |  2.2
Armour         | 1 2 |  2.2
Dodging        | 3 |  3.0
Translocations | 2 |  2.0
Spellcasting   | 5 6 |  6.1
Poison Magic   | 1 2 |  2.5
Evocations     | 1 2 |  2.6
Air Magic      | 1 2 |  2.2
Short Blades   | 1 2 |  2.0

Action                   |  1- 3 |  4- 6 |  7- 9 || total
-------------------------+-------+-------+-------++-------
Melee: Short sword       |     2 |     3 |    24 ||    29
       Dagger            |       |     3 |       ||     3
       Punch             |       |       |     1 ||     1
Throw: Dart              |       |     5 |     1 ||     6
 Cast: Magic Dart        |   118 |   136 |    72 ||   326
       Call Imp          |     5 |    23 |     9 ||    37
       Mephitic Cloud    |       |       |     1 ||     1
  Use: Scroll            |     3 |    11 |     7 ||    21
       Potion            |       |       |     3 ||     3
Armor: Robe              |     2 |    15 |    19 ||    36
Dodge: Dodged            |     8 |    43 |    16 ||    67

Table legend: (Time is in decaauts)
 A = Elapsed time spent in this place.
 B = Non-inter-level travel time spent in this place.
 C = Inter-level travel time spent in this place.
 D = Time resting spent in this place.
 E = Time spent auto-exploring this place.
 F = Levels seen in this place.
 G = Mean time per level.
                   A        B        C        D        E       F      G
               +--------+--------+--------+--------+--------+-----+--------+
         Total |   6595 |   6198 |    397 |   1465 |   3379 |   5 | 1319.0 |
       Dungeon |   6595 |   6198 |    397 |   1465 |   3379 |   5 | 1319.0 |
               +--------+--------+--------+--------+--------+-----+--------+

Top non-repeatable levels by time:
     D:3: 2086 daAuts
     D:4: 1603 daAuts
     D:1: 1366 daAuts
     D:2: 1294 daAuts
     D:5: 244 daAuts
